 Dungeon Crawl Stone Soup version 0.18-a0-1088-g34ef3a2 (webtiles) character file.

84 4thArraOfDagon the Bolt Thrower (level 4, -5/33 HPs)
             Began as a Mummy Hunter on Jan 15, 2016.
             Was an Initiate of Makhleb.
             Slain by a mummy (15 damage)
             ... in an ossuary.
             The game lasted 00:08:50 (1249 turns).

4thArraOfDagon the Bolt Thrower (Mummy Hunter)      Turns: 1249, Time: 00:08:50

Health: -5/33      AC:  3    Str: 15    XL:     4   Next: 23%
Magic:  4/4        EV: 11    Int: 10    God:    Makhleb [......]
Gold:   71         SH:  0    Dex: 13    Spells: 0 memorised, 3 levels left

rFire  x . .     SeeInvis .     a - +1 hand crossbow
rCold  + . .     Gourm    .     c - +0 leather armour
rNeg   + + +     Faith    .     (no shield)
rPois  ∞         Spirit   .     (no helmet)
rElec  .         Dismiss  .     (no cloak)
rCorr  .         Reflect  .     l - -1 pair of gloves
SustAt .         Harm     .     (no boots)
MR     .....                    (no amulet)
Stlth  +.........               (no ring)
                                n - ring of flight

@: not resistant to hostile enchantments, very unstealthy
A: no food or potions, fire vulnerability, cold resistance 1, negative energy
resistance 3, torment resistance, unbreathing
a: Renounce Religion, Evoke Flight


You were in an ossuary.
You worshipped Makhleb.
Makhleb was noncommittal.
You were not hungry.

You visited 1 branch of the dungeon, and saw 5 of its levels.
You also visited: Ossuary.

You collected 71 gold pieces.

Inventory:

Hand Weapons
 a - a +1 hand crossbow (weapon)
 b - a +0 short sword
 k - a +0 flail
 m - a +0 short sword of speed
Missiles
 f - 21 poisoned needles
 h - 6 javelins (quivered)
Armour
 c - a +0 leather armour (worn)
 l - a -1 pair of gloves (worn)
Jewellery
 n - a ring of flight (left hand)
Scrolls
 e - a scroll of fog
 i - 2 scrolls of remove curse
 p - a scroll of teleportation
 q - a scroll of fear
Books
 j - a book of Frost

   Spells                             Type                      Level
   a - Freeze                         Ice                          1
   b - Throw Frost                    Conjuration/Ice              2
   c - Ozocubu's Armour               Charms/Ice                   3
   d - Throw Icicle                   Conjuration/Ice              4
   e - Summon Ice Beast               Ice/Summoning                4
   f - Condensation Shield            Ice                          4


   Skills:
 - Level 2.0 Fighting
 * Level 4.8 Crossbows
 - Level 1.5 Dodging
 - Level 0.7 Stealth


You had 3 spell levels left.
You didn't know any spells.

Dungeon Overview and Level Annotations

Branches:
Dungeon (5/15)
 Temple: D:4-7

Altars:
Ashenzari
Dithmenos
Elyvilon
Fedhas
Kikubaaqudgha
Makhleb
Zin

Annotations:
D:5 Dowan


Innate Abilities, Weirdness & Mutations

You do not eat or drink.
Your flesh is vulnerable to fire.
You are immune to poison.
Your flesh is cold resistant.
You are immune to negative energy.
You are immune to unholy pain and torment.
You can survive without breathing.


Message History

Aim: a mummy (moderately damaged)
You shoot a bolt. The bolt hits the mummy.
The mummy is moderately damaged.
The mummy hits you!!
Ouch! That really hurt!
The kobold zombie hits you.
Firing (i - inventory. (,) - cycle):
d - 2 bolts (quivered)
Press: ? - help, Shift-Dir - straight line, f/p - mummy
Aim: a mummy (moderately damaged)
You shoot a bolt. The bolt hits the mummy.
The mummy is moderately damaged.
The mummy barely misses you.
The kobold zombie hits you but does no damage.
Firing (i - inventory. (,) - cycle):
d - a bolt (quivered)
Press: ? - help, Shift-Dir - straight line, f/p - mummy
Aim: a mummy (moderately damaged)
You shoot a bolt. The bolt hits the mummy!
The mummy is almost destroyed.
The kobold zombie barely misses you. The mummy hits you!
You die...

....##....##..
...(.(........
.............
...........
........#
......# #.(..#
#MZ..# #@...#
#....# #....#
#....# #....#
#....# #.∩∩.#
######


You could see a mummy and a kobold zombie.

Vanquished Creatures
  3 mummies (Ossuary)
  An adder (D:4)
  2 worms
  A giant gecko (D:1)
  A giant cockroach (D:1)
  4 goblins
  2 jackals (D:3)
  5 kobolds
  2 quokkas
  3 bats
  3 giant newts (D:1)
  A gnoll zombie (Ossuary)
  4 kobold zombies (Ossuary)
  2 orc zombies (Ossuary)
  3 rats (D:3)
37 creatures vanquished.

Notes
Turn   | Place    | Note
--------------------------------------------------------------
     0 | D:1      | 4thArraOfDagon the Mummy Hunter began the quest for the Orb.
     0 | D:1      | Reached XP level 1. HP: 16/16 MP: 1/1
     0 | D:1      | Turgon: (maybe not with mummy)
     0 | D:1      | 4thArraOfDagon: do the Brezhniev hand!
     2 | D:1      | Turgon: -2 apts everywhere. Ouch! That really hurt.
    89 | D:1      | Turgon: You are doomed to worship Oka for getting bolts, right?
    89 | D:1      | BLOAX: http://crawl.xtahua.com/crawl/morgue/BLOAX/morgue-BLOAX-20150401-185801.txt 68k was pretty slow
    89 | D:1      | BLOAX: but this character was too fun to go too fast with
   117 | D:1      | Reached XP level 2. HP: 22/22 MP: 2/2
   244 | D:3      | Found a shadowy altar of Dithmenos.
   251 | D:3      | Found a shattered altar of Ashenzari.
   398 | D:3      | Reached skill level 4 in Crossbows
   517 | D:3      | Reached XP level 3. HP: 20/27 MP: 3/3
   539 | D:3      | Found a blossoming altar of Fedhas.
   541 | D:3      | Found an ancient bone altar of Kikubaaqudgha.
   711 | D:5      | Entered Level 5 of the Dungeon
   715 | D:5      | Turgon: Why didn't you drink this potion of experience?
   728 | D:5      | Noticed Dowan
   877 | D:4      | Found a white marble altar of Elyvilon.
   877 | D:4      | Found a burning altar of Makhleb.
   891 | D:4      | Found a glowing silver altar of Zin.
   894 | D:4      | Became a worshipper of Makhleb the Destroyer
  1055 | D:5      | Found a sand-covered staircase.
  1061 | Ossuary  | Entered an ossuary
  1183 | Ossuary  | Reached XP level 4. HP: 30/33 MP: 4/4
  1249 | Ossuary  | Slain by a mummy

Vault maps used:
D:1:      sevenhm_arrival_forest_fort_small_3
D:2:      uniq_sigmund
D:3:      grunt_temple_overflow_growth_and_decay, ashenzari_conservatory_becter,
          led_sif_pool, lemuel_crystal_altar, hangedman_ru_absence,
          uniq_grinder, uniq_terence, uniq_jessica
D:4:      minitemple, first_bread, uniq_blork_the_orc
D:5:      tgw_trog, nicolae_ossuary_entry_plus, hangedman_abyss_or_decor_passed,
          serial_bayou_pond_c, uniq_pikel, uniq_menkaure, uniq_duvessa
Ossuary:  ossuary_tomb_3

Action                   |  1- 3 |  4- 6 || total
-------------------------+-------+-------++-------
Melee: Flail             |    35 |       ||    35
       Short sword       |    49 |     6 ||    55
 Fire: Hand crossbow     |    42 |    15 ||    57
  Use: Scroll            |     5 |       ||     5
